 Dungeon Crawl Stone Soup version 0.25-a0-786-g5b70d41e48 (webtiles) character file.

Game seed: 4032627770227457395, levelgen mode: deterministic

44 Mirvandir the Digger (level 3, -1/28 HPs)
             Began as a Gargoyle Earth Elementalist on Apr 18, 2020.
             Was an Initiate of Vehumet.
             Slain by Grinder (3 damage)
             ... while paralysed by Grinder
             ... on level 3 of the Dungeon.
             The game lasted 00:04:41 (2483 turns).

Mirvandir the Digger (Gargoyle Earth Elementalist)  Turns: 2483, Time: 00:04:42

Health: -1/28      AC:  7    Str: 11    XL:     3   Next: 62%
Magic:  1/7        EV:  2    Int: 16    God:    Vehumet [......]
Gold:   134        SH:  0    Dex: 10    Spells: 3/7 levels left

rFire    + . .     SeeInvis .   a - +0 mace
rCold    + . .     Gourm    .   (no shield)
rNeg     + . .     Faith    .   c - +1 robe
rPois    ∞         Spirit   .   m - +0 helmet
rElec    +         Reflect  .   (no cloak)
rCorr    +         Harm     .   (no gloves)
MR       .....                  (no boots)
Stlth    ..........             (no amulet)
HPRegen  0.09/turn              (no ring)
MPRegen  0.10/turn              (no ring)

@: paralysed, berserking (expiring), resistant, very slightly contaminated
A: negative energy resistance 1, electricity resistance, unbreathing,
petrification resistance, rot immunity, AC +3
a: Renounce Religion


You were on level 3 of the Dungeon.
You worshipped Vehumet.
Vehumet was noncommittal.
You were not hungry.

You visited 1 branch of the dungeon, and saw 3 of its levels.

You collected 134 gold pieces.

Inventory:

Hand Weapons
 a - a +0 mace (weapon)
Missiles
 b - 74 stones (quivered)
Armour
 c - a +1 robe (worn)
 m - a +0 helmet (worn)
Scrolls
 h - 2 scrolls of teleportation
Potions
 f - a potion of resistance
 g - a potion of flight {unknown}
 i - 2 potions of heal wounds {unknown}
 j - a potion of magic {unknown}
 k - a potion of brilliance {unknown}
 l - a potion of curing {unknown}
Comestibles
 d - 3 rations


   Skills:
 - Level 1.5 Dodging
 - Level 2.1 Stealth
 + Level 2.8 Spellcasting
 + Level 0.7 Conjurations
   Level 0.7 Transmutations
 + Level 4.5 Earth Magic


You had 3 spell levels left.
You knew the following spells:

 Your Spells              Type           Power        Failure   Level  Hunger
a - Sandblast             Erth           ###...       3%          1    #......
b - Stone Arrow           Conj/Erth      ##....       19%         3    ###....

Your spell library contained the following spells:

 Spells                   Type           Power        Failure   Level  Hunger
 Passwall                 Tmut/Erth      ##......     10%         2    ##.....
 Petrify                  Tmut/Erth      ##......     54%         4    #####..
 Lee's Rapid Deconstruct  Erth           ###.......   63%         5    ######.


Dungeon Overview and Level Annotations

Branches:
Dungeon (3/15)

Altars:
Vehumet

Annotations:
D:3 Grinder


Innate Abilities, Weirdness & Mutations

You are resistant to torment.
Your stone body is resilient. (AC +3)
You are immune to poison.
You resist negative energy. (rN+)
You are resistant to electric shocks. (rElec)
You can survive without breathing.
You are immune to petrification.
You are immune to rotting.


Message History

Grinder is moderately wounded.
You sock Grinder!
Grinder is heavily wounded.
Grinder hits you but does no damage.
You closely miss Grinder.
Grinder is heavily wounded.
Grinder hits you!
You closely miss Grinder.
Grinder is heavily wounded.
Grinder gestures at you.
You suddenly lose the ability to move!
Grinder hits you.
You writhe in agony.
Grinder hits you.
* * * LOW HITPOINT WARNING * * *
You writhe in agony.
* * * LOW HITPOINT WARNING * * *
Grinder hits you.
* * * LOW HITPOINT WARNING * * *
Grinder hits you.
You die...

.......## #.......#
#.......## .#
#.#......####### # .#
#.##.#.......... .. .#
#.####.#.#######... .#
#.........#........
.#####...#####.#.......#
.......#.# #.#@......#
...#.....# #.5.......#
.....<.#.# #.#.......#
.#.#####.# #.#.......#
.#.# #.. ..#.......#
.#.# #### .......####.
.#.# ..#####.. .#.# #..
... ...# #>. ...#


You could see Grinder.

Vanquished Creatures
  A dart slug (D:2)
  5 bats
  4 giant cockroaches
  5 goblins
  5 hobgoblins
  5 kobolds
  A quokka (D:2)
  5 frilled lizards (D:2)
  10 rats
  A plant (D:1)
42 creatures vanquished.

Notes
Turn   | Place    | Note
-------+----------+-------------------------------------------
     0 | D:1      | Mirvandir the Gargoyle Earth Elementalist began the quest
                  | for the Orb.
     0 | D:1      | Reached XP level 1. HP: 10/10 MP: 3/3
   450 | D:1      | Reached XP level 2. HP: 14/15 MP: 5/5
   452 | D:1      | Reached skill level 4 in Earth Magic
  1393 | D:2      | Reached XP level 3. HP: 12/19 MP: 6/6
  1399 | D:2      | Learned a level 3 spell: Stone Arrow
  2361 | D:3      | Found a radiant altar of Vehumet.
  2369 | D:3      | Became a worshipper of Vehumet
  2466 | D:3      | Noticed Grinder
  2479 | D:3      | Paralysed by Grinder for 5 turns
  2483 | D:3      | Slain by Grinder

Levels and vault maps discovered:
D:1:      ncdulo_smallfort, layout_basic, serial_forest,
          infiniplex_forest_corner_1, infiniplex_forest_straight_5,
          infiniplex_forest_clump_medium, infiniplex_forest_lined_corner,
          infiniplex_forest_straight_4, infiniplex_forest_lined_4_way,
          infiniplex_forest_end_1, hangedman_decor_points
D:2:      kb_forest_paths, layout_basic
D:3:      layout_loops_cross, tgw_trog, fiery_altar_vehumet, first_ration,
          uniq_grinder

Skill      XL: |  1  2 |
---------------+-------+-----
Earth Magic    | 4 |  4.5
Dodging        | |  1.5
Stealth        | |  2.1
Spellcasting   | |  2.8
Conjurations   | |  0.7
Transmutations | |  0.7

Action                   || total
-------------------------++-------
Melee: Mace              ||   174
 Cast: Sandblast         ||     7
  Use: Scroll            ||     5
       Potion            ||     2
 Stab: Sleeping          ||     3
  Eat: Chunk             ||     5
Armor: Robe              ||    34
Dodge: Dodged            ||    69

Table legend:
 A = Non-vault XP
 B = Vault XP
 C = Vault XP percentage of total XP
 D = Non-vault monster count
 E = Vault monster count
 F = Vault count percentage of total count
                 A         B        C        D         E       F
            +---------+---------+-------+---------+---------+-------
      Total |      55 |       9 |  14.1 |      35 |       6 |  14.6
            +---------+---------+-------+---------+---------+-------
        D:1 |      19 |       0 |   0.0 |      13 |       0 |   0.0
        D:2 |      25 |       9 |  26.5 |      16 |       6 |  27.3
        D:3 |      11 |       0 |   0.0 |       6 |       0 |   0.0
            +---------+---------+-------+---------+---------+-------
